 Dungeon Crawl Stone Soup version 0.20.1-1-g8b1a95d (webtiles) character file.

107653 letownia2 the Necromancer (level 16, 41/146 HPs)
             Began as a Deep Dwarf Necromancer on Oct 27, 2017.
             Was an Initiate of Gozag.
             Quit the game on level 2 of the Lair of Beasts on Oct 28, 2017.
             The game lasted 02:19:31 (32456 turns).

letownia2 the Necromancer (Deep Dwarf Necromancer) Turns: 32456, Time: 02:19:32

Health: 41/146     AC: 28    Str: 17    XL:     16   Next: 0%
Magic:  30/30      EV: 10    Int: 29    God:    Gozag
Gold:   1321       SH:  5    Dex: 15    Spells: 20/37 levels left

rFire    . . .     SeeInvis +   a - +2 war axe (elec)
rCold    . . .     Gourm    .   (no shield)
rNeg     + . .     Faith    .   V - +6 scale mail "Moischea" {Int+5 Slay+2 SInv}
rPois    .         Spirit   .   h - +2 hat {SInv}
rElec    .         Reflect  +   (no cloak)
rCorr    .         Harm     .   M - +3 pair of gloves of the Hidden Vale {Dex+2}
MR       ++...                  u - +2 pair of boots {Stlth+}
Stlth    ++........             v - +5 amulet of reflection
Regen    0.0/turn               e - +5 ring of protection
MPRegen  0.3/turn               t - +6 ring of intelligence (curse)

@: non-regenerating, drained
A: damage resistance, heal wounds, negative energy resistance 1, sense
surroundings 2, no regeneration
a: Heal Wounds, Potion Petition, Call Merchant, Bribe Branch, Renounce Religion


You were on level 2 of the Lair of Beasts.
You worshipped Gozag.
Gozag was most pleased with you.
You were not hungry.

You visited 4 branches of the dungeon, and saw 24 of its levels.
You also visited: Sewer and Ice Cave.

You collected 8274 gold pieces.
You spent 587 gold pieces at shops.
You paid 6366 gold pieces to Gozag.

Inventory:

Hand Weapons
 a - a +2 war axe of electrocution (weapon)
 b - the +7 great mace "Firestarter" {inner flame, rF++}
   (You found it on level 10 of the Dungeon)

   It has been specially enchanted to burn those struck by it, causing extra
   injury to most foes and up to half again as much damage against particularly
   susceptible opponents.
   It greatly protects you from fire.
 c - a +0 blowgun
 d - a +3 demon trident of freezing
 s - a +2 battleaxe of chopping
Missiles
 o - 4 throwing nets (quivered)
 D - 5 curare-tipped needles
Armour
 h - a +2 hat of see invisible (worn)
 r - +1 ice dragon scales
 u - a +2 pair of boots of stealth (worn)
 M - the +3 pair of gloves of the Hidden Vale (worn) {Dex+2}
   (You bought it in a shop on level 2 of the Lair of Beasts)

   It affects your dexterity (+2).
 V - the +6 scale mail "Moischea" (worn) {Int+5 Slay+2 SInv}
   (You found it on level 6 of the Lair of Beasts)

   It affects your intelligence (+5).
   It affects your accuracy and damage with ranged weapons and melee attacks
   (+2).
   It lets you see invisible.
Magical Staves
 p - an uncursed staff of poison
Jewellery
 e - a +5 ring of protection (left hand)
 t - a cursed +6 ring of intelligence (right hand)
 v - a +5 amulet of reflection (around neck)
 y - an uncursed ring of protection from fire
 H - an uncursed ring of resist corrosion
 Q - the ring "Jusunnem" {rC+ EV+1 Stlth+}
   (You bought it in a shop on level 12 of the Dungeon)

   [ring of evasion]

   It affects your evasion (+1).
   It protects you from cold.
   It makes you more stealthy.
Wands
 E - a wand of digging (20/24)
 P - a wand of lightning (6/15)
 Y - a wand of acid (4/15)
Scrolls
 i - a scroll of identify
 j - 5 scrolls of recharging
 k - 2 scrolls of remove curse
 w - a scroll of silence
 x - 6 scrolls of teleportation
 F - 2 scrolls of fear
 J - 3 scrolls of blinking
 K - a scroll of amnesia
 O - 3 scrolls of fog
 S - a scroll of immolation
 T - 2 scrolls of magic mapping
Potions
 f - 6 potions of curing
 g - 3 potions of mutation
 l - 9 potions of brilliance
 m - 5 potions of might
 z - 3 potions of flight
 B - 2 potions of heal wounds
 C - a potion of invisibility
 G - 2 potions of berserk rage
 I - 4 potions of cancellation
 L - 4 potions of magic
 N - 2 potions of resistance
 X - 2 potions of agility
Miscellaneous
 n - a phial of floods
 A - a sack of spiders
 R - a phantom mirror
 U - a fan of gales
Comestibles
 q - 12 meat rations
 W - a bread ration


   Skills:
 + Level 10.3(10.2) Fighting
 + Level 15.1(15.3) Axes
 - Level 4.0(10.1) Maces & Flails
 - Level 7.2 Armour
 - Level 2.1 Dodging
 - Level 2.4(2.3) Stealth
 - Level 11.3(11.2) Spellcasting
 - Level 2.2(2.1) Conjurations
 - Level 15.6(15.5) Necromancy
 - Level 2.1(2.0) Translocations
 - Level 2.0 Transmutations
 - Level 5.3(5.2) Fire Magic
 - Level 4.0(3.9) Air Magic
 - Level 2.0(1.9) Poison Magic
 - Level 4.3(4.2) Evocations


You had 20 spell levels left.
You knew the following spells:

 Your Spells              Type           Power        Failure   Level  Hunger
a - Pain                  Necr           ####         0%          1    None
b - Blink                 Tloc           N/A          6%          2    None
c - Conjure Flame         Conj/Fire      #####...     6%          3    None
e - Mephitic Cloud        Conj/Pois/Air  ####....     10%         3    None
p - Poisonous Vapours     Pois/Air       ####..       4%          2    None
q - Ignite Poison         Fire/Tmut/Pois ####....     9%          3    None
v - Vampiric Draining     Necr           #######...   1%          3    None


Dungeon Overview and Level Annotations

Branches:
Dungeon (15/15)            Temple (1/1) D:4            Lair (6/6) D:8
  Swamp (0/4) Lair:4        Snake (0/4) Lair:4        Slime (0/5) Lair:6
    Orc (2/2) D:12            Elf (0/3) Orc:2        Vaults (0/5) D:13
 Depths (0/5) D:15

Altars:
Ashenzari
Cheibriados
Dithmenos
Elyvilon
Fedhas
Gozag
Hepliaklqana
Kikubaaqudgha
Makhleb
Nemelex Xobeh
Okawaru
Qazlal
Ru
Sif Muna
Trog
Uskayaw
Vehumet
Xom
Yredelemnul
Zin
The Shining One
Jiyva

Shops:
D:7 (   D:8 :   D:12 [=   Orc:2 ??(}   Lair:2 =*[[?

Portals:
Pandemonium: Orc:2

Annotations:
D:4 Frank's ghost, amateur OpFi


Innate Abilities, Weirdness & Mutations

You are resistant to damage.
You can heal yourself by infusing magical energy.
You resist negative energy. (rN+)
You passively map the area around you.
You do not regenerate.


Message History

Fund which merchant?
You no longer have enough gold to bribe branches to halt enemies' attacks and recruit allies.
Tifiss invites you to visit her Armour Boutique.
Items here: % ( ) // : ??? [[[ [a] 1965 gold - Zuameb Qaon's Food Shop [b] 1255 gold - Isyocaduitt's Book Shoppe [c] 1307 gold - Zaijoleb's Jewellery Boutique [d] 1237 gold - Omush's Assorted Antiques Fund which merchant?
You no longer have enough gold to fund merchants seeking to open stores in the dungeon.
Zaijoleb invites you to visit its Jewellery Boutique.
Put on which piece of jewellery? (? for menu, Esc to quit)
Okay, then.
Unknown command.
(D) Dungeon (T) Temple (L) Lair (S) Swamp (P) Snake Pit (M) Slime Pits (O) Orcish Mines (E) Elven Halls (V) Vaults (U) Depths
Where to? (Enter - Lair:2, ? - help)
Okay, then.
Are you sure you want to abandon this character and quit the game? (Confirm with "yes".)

## ### .# ######.##
####
.###.PP#.#.#####.∩##
................@∩∩#
.........##.####.)∩#
.###......### ##.<##
## #.#...## #....#
#.....# ##..##
###...# #..# #...#
#..## # #...# ##...#
# #...# #...##


There were no monsters in sight!

Vanquished Creatures
  Gastronok (Lair:2)
  2 orc warlords
  A reaper (IceCv)
  2 stone giants (Orc:2)
  3 dire elephants (Lair:6)
  The ghost of Frank the Fighter, a journeyman OpFi of Gozag (Orc:2)
  Snorg (Orc:1)
  2 fire dragons
  Harold (Orc:1)
  The ghost of letownia2 the Reanimator, a journeyman DDNe of Gozag (IceCv)
  A rakshasa (D:15)
  4 vault guards (D:13)
  6 hydras
  An anaconda (Lair:6)
  Erolcha (Orc:1)
  A centaur warrior (D:13)
  5 two-headed ogres
  7 orc high priests (Orc:2)
  2 tengu warriors
  Sonja (Lair:2)
  A soul eater (Orc:2)
  3 skeletal warriors (D:14)
  3 unseen horrors
  A sixfirhy (Orc:2)
  An infernal demonspawn (Orc:2)
  A necromancer (D:15)
  2 wizards (D:15)
  2 wolf spider zombies (D:13)
  5 orc sorcerers
  5 orc knights
  A deep elf mage (D:15)
  A faun (Lair:5)
  A manticore (D:12)
  3 cyclopes
  4 oklob plants (Lair:5)
  Joseph (Lair:1)
  A naga mage (D:15)
  17 elephants
  6 black mambas
  3 centaur zombies (D:15)
  An ice statue (IceCv)
  A torpor snail (Lair:6)
  A smoke demon (Orc:2)
  8 spiny frogs
  3 efreet
  4 rime drakes
  2 centaur skeletons (D:12)
  2 gargoyles
  A freezing wraith (D:12)
  2 komodo dragons
  11 ice devils
  A tengu conjurer (D:15)
  8 trolls
  5 polar bears
  A hornet (D:10)
  A tyrant leech (Lair:4)
  Grinder (D:5)
  7 dream sheep
  12 hippogriffs
  13 blink frogs
  Sigmund (D:2)
  3 centaur simulacra (D:15)
  3 wraiths
  A ynoxinul (Orc:2)
  4 basilisks
  7 wyverns
  52 yaks
  4 vampire mosquitoes
  5 fire bats
  A neqoxec (Orc:2)
  4 hungry ghosts
  Menkaure (D:4)
  An acid dragon (D:11)
  A swamp worm (Lair:4)
  2 wargs
  11 water moccasins
  3 soldier ants
  8 porcupines
  5 sky beasts
  An eye of draining (D:12)
  4 phantoms
  42 orc warriors
  A black bear (D:7)
  5 ice beasts
  A necrophage (D:12)
  2 centaurs
  33 wolves
  5 boggarts (D:14)
  13 ogres
  11 crocodiles
  Blork the orc (D:5)
  21 bullfrogs
  9 big kobolds
  A wyvern zombie (D:12)
  A hornet simulacrum (D:15)
  3 scorpions
  19 killer bees
  9 wights
  4 electric eels (D:11)
  3 howler monkeys
  12 crimson imps
  2 bullfrog zombies
  8 hounds
  3 jellies
  A bullfrog skeleton (D:5)
  9 iguanas
  31 orc priests
  22 orc wizards
  7 worker ants
  A killer bee zombie (D:9)
  A hound zombie (D:9)
  12 adders
  5 shadow imps
  4 white imps (IceCv)
  4 ufetubi (IceCv)
  2 oozes
  2 adder skeletons
  3 worms
  3 dart slugs
  2 leopard geckos
  79 orcs
  5 ball pythons (Sewer)
  3 giant cockroaches
  2 goblins
  6 hobgoblins
  19 kobolds
  3 quokkas
  11 bats
  7 frilled lizards
  2 jackal skeletons
  A quokka zombie (D:7)
  4 rats
  A butterfly (Lair:5)
  A fungus (Lair:6)
  12 plants
  A withered plant (D:14)
788 creatures vanquished.

Vanquished Creatures (others)
  6 white imps (IceCv)
  7 ufetubi (IceCv)
  2 orcs
  2 fire vortices (D:13)
  5 fungi
  7 plants
29 creatures vanquished.

Grand Total: 817 creatures vanquished

Notes
Turn   | Place    | Note
-------+----------+-------------------------------------------
     0 | D:1      | letownia2 the Deep Dwarf Necromancer began the quest for the Orb.
     0 | D:1      | Reached XP level 1. HP: 15/15 MP: 3/3
   268 | D:2      | Noticed Sigmund
   419 | D:1      | Reached XP level 2. HP: 7/22 MP: 0/5
   558 | D:2      | Reached skill level 5 in Necromancy
   710 | D:2      | Reached XP level 3. HP: 9/28 MP: 0/6
   739 | D:2      | Learned a level 3 spell: Vampiric Draining
   890 | D:4      | Found a staircase to the Ecumenical Temple.
   905 | D:4      | Noticed Frank's ghost (amateur OpFi)
   909 | Temple   | Entered the Ecumenical Temple
  1472 | D:3      | Reached XP level 4. HP: 19/36 MP: 0/7
  1690 | D:3      | Found a bloodstained altar of Trog.
  1847 | D:3      | Reached XP level 5. HP: 24/42 MP: 2/9
  2347 | D:2      | Killed Sigmund
  2347 | D:2      | Reached XP level 6. HP: 45/49 MP: 0/10
  2873 | D:2      | Found a shattered altar of Ashenzari.
  3209 | D:4      | Found an opulent altar of Gozag.
  3210 | D:4      | Noticed Menkaure
  3215 | D:4      | Killed Menkaure
  3297 | D:4      | Identified the Papyrus of Fiery Transformation
  3302 | D:4      | Found a shimmering altar of Xom.
  3371 | D:4      | Found a glowing golden altar of the Shining One.
  3405 | D:5      | Entered Level 5 of the Dungeon
  3405 | D:5      | Noticed Grinder
  3585 | D:4      | Reached XP level 7. HP: 34/55 MP: 0/11
  3649 | D:4      | Became a worshipper of Gozag Ym Sagoz the Greedy
  3804 | D:4      | Reached skill level 1 in Axes
  3815 | D:4      | Reached skill level 1 in Armour
  3849 | D:4      | Reached skill level 1 in Fighting
  4289 | D:5      | Found a snail-covered altar of Cheibriados.
  4350 | D:5      | Noticed Blork the orc
  4365 | D:5      | Killed Blork the orc
  4424 | D:5      | Reached XP level 8. HP: 46/66 MP: 0/14
  4608 | D:5      | Reached skill level 5 in Spellcasting
  5073 | D:5      | Killed Grinder
  5700 | D:6      | Found a glowing drain.
  5716 | D:6      | Learned a level 2 spell: Blink
  5720 | D:6      | Learned a level 3 spell: Conjure Flame
  5724 | D:6      | Learned a level 3 spell: Ignite Poison
  5728 | D:6      | Learned a level 3 spell: Mephitic Cloud
  5733 | Sewer    | Entered a sewer
  5951 | Sewer    | Reached skill level 1 in Translocations
  5951 | Sewer    | Reached skill level 1 in Transmutations
  5961 | Sewer    | Reached skill level 1 in Conjurations
  5961 | Sewer    | Gained mutation: You passively map the area around you. [Deep Dwarf growth]
  5961 | Sewer    | Reached XP level 9. HP: 69/73 MP: 5/19
  5969 | Sewer    | Reached skill level 1 in Fire Magic
  5969 | Sewer    | Reached skill level 1 in Poison Magic
  6140 | D:6      | Found a hazy altar of Hepliaklqana.
  6381 | D:6      | Reached skill level 1 in Air Magic
  6482 | D:6      | Found an iron altar of Okawaru.
  6486 | D:6      | Found a basalt altar of Yredelemnul.
  6491 | D:6      | Found a sparkling altar of Nemelex Xobeh.
  6838 | D:7      | Found Xonasam's Antique Weapon Emporium.
  7616 | D:8      | Found a shadowy altar of Dithmenos.
  7824 | D:8      | Found Jity's Book Shop.
  8074 | D:8      | Found a staircase to the Lair.
  8448 | D:8      | Noticed a two-headed hydra
  8456 | D:8      | Reached XP level 10. HP: 78/86 MP: 9/21
  8490 | D:8      | Killed a two-headed hydra
  8490 | D:8      | Reached skill level 5 in Fighting
  8935 | D:9      | Noticed a two-headed ogre
  8972 | D:9      | Killed a two-headed ogre
  9267 | D:9      | Reached skill level 5 in Axes
  9721 | D:9      | Reached skill level 1 in Evocations
  9727 | D:9      | Reached XP level 11. HP: 91/96 MP: 15/24
  9971 | D:10     | Entered Level 10 of the Dungeon
 10121 | D:10     | Killed an unseen horror
 10287 | D:10     | Identified 2 scrolls of acquirement
 10685 | D:10     | Noticed a fire dragon
 10851 | D:10     | Killed a fire dragon
 11021 | D:10     | Got a jewelled quarterstaff
 11199 | D:10     | Identified the +5 quarterstaff "Keeno" {antimagic, Str+3} (You found it on level 10 of the Dungeon)
 11359 | D:10     | Killed an unseen horror
 11359 | D:10     | Reached skill level 10 in Spellcasting
 11860 | D:11     | Noticed a two-headed ogre
 12133 | D:12     | Reached skill level 1 in Maces & Flails
 12173 | D:12     | Found a staircase to the Orcish Mines.
 12247 | D:12     | Noticed a two-headed ogre
 12277 | D:12     | Noticed a two-headed ogre
 12307 | D:12     | Killed a two-headed ogre
 12368 | D:12     | Noticed a skeletal warrior
 12500 | D:12     | Bought the ring "Jusunnem" {rC+ EV+1 Stlth+} for 217 gold pieces
 12730 | D:12     | Reached XP level 12. HP: 21/109 MP: 2/26
 12740 | D:12     | Found a frozen archway.
 12753 | IceCv    | Entered an ice cave
 12753 | IceCv    | Noticed letownia2's ghost (journeyman DDNe)
 12768 | IceCv    | Killed letownia2's ghost
 13020 | IceCv    | Reached skill level 5 in Fire Magic
 13777 | IceCv    | Reached skill level 10 in Necromancy
 14000 | IceCv    | Reached skill level 5 in Armour
 14378 | IceCv    | Noticed a reaper
 14503 | IceCv    | Killed a reaper
 15086 | D:11     | Killed a two-headed ogre
 15456 | D:12     | Killed a two-headed ogre
 15846 | Orc:1    | Entered Level 1 of the Orcish Mines
 15881 | Orc:2    | Entered Level 2 of the Orcish Mines
 15881 | Orc:2    | Noticed an orc warlord
 16319 | Orc:1    | Noticed Snorg
 16337 | Orc:1    | Killed Snorg
 16361 | Orc:1    | Noticed Erolcha
 16473 | Orc:1    | Noticed Harold
 16506 | Orc:1    | Killed Harold
 16602 | Orc:1    | Killed Erolcha
 16865 | Orc:2    | Reached XP level 13. HP: 99/118 MP: 13/26
 17067 | Orc:2    | Noticed Frank's ghost (journeyman OpFi)
 17211 | Orc:2    | Noticed an orc warlord
 17285 | Orc:2    | Noticed a stone giant
 17294 | Orc:2    | Killed a stone giant
 18266 | Orc:1    | Killed an orc warlord
 18401 | Orc:2    | Found a staircase to the Elven Halls.
 18598 | Orc:2    | Killed an orc warlord
 18924 | Lair:1   | Entered Level 1 of the Lair of Beasts
 19041 | Lair:1   | Noticed Joseph
 19057 | Lair:1   | Killed Joseph
 19848 | Lair:2   | Bought a pair of scorched gloves for 370 gold pieces
 19858 | Lair:2   | Identified the +3 pair of gloves of the Hidden Vale {Dex+2} (You bought it in a shop on level 2 of the Lair of Beasts)
 19919 | Lair:2   | Noticed Gastronok
 19934 | Lair:2   | Killed Gastronok
 20050 | Lair:2   | Noticed Sonja
 20061 | Lair:2   | Killed Sonja
 20120 | Lair:2   | Got a shimmering leather armour
 20131 | Lair:2   | Identified the +3 leather armour of Misa {rElec rN+ rCorr Stlth+} (You found it on level 2 of the Lair of Beasts)
 21130 | Orc:2    | Noticed a stone giant
 21146 | Orc:2    | Killed a stone giant
 21482 | D:13     | Found a gate to the Vaults.
 21518 | D:13     | Gained mutation: You resist negative energy. (rN+) [Deep Dwarf growth]
 21518 | D:13     | Reached XP level 14. HP: 115/127 MP: 12/28
 21576 | D:13     | Reached skill level 10 in Axes
 22309 | D:14     | Found a basalt altar of Yredelemnul.
 24733 | Lair:4   | Found a staircase to the Snake Pit.
 24947 | Lair:4   | Found a staircase to the Swamp.
 26269 | Lair:5   | Reached XP level 15. HP: 117/134 MP: 2/29
 26537 | Lair:6   | Entered Level 6 of the Lair of Beasts
 27142 | Lair:5   | Reached skill level 15 in Necromancy
 27148 | Lair:5   | Identified Avujeczu's Handbook of Mutagenic Contamination
 27179 | Lair:5   | Learned a level 2 spell: Poisonous Vapours
 27206 | Lair:6   | Found a staircase to the Slime Pits.
 27206 | Lair:6   | Found a viscous altar of Jiyva.
 28909 | Lair:6   | Got a pair of fine boots
 28920 | Lair:6   | Identified the cursed -7 pair of boots of the Hot Ocelot {Str+3} (You found it on level 6 of the Lair of Beasts)
 28935 | Lair:6   | Got a dazzling scale mail
 28947 | Lair:6   | Identified the +6 scale mail "Moischea" {Int+5 Slay+2 SInv} (You found it on level 6 of the Lair of Beasts)
 29531 | Orc:2    | Killed Frank's ghost
 29785 | Orc:2    | Found Waimpeo's Magic Scroll Shoppe.
 29786 | Orc:2    | Found Raesemn's Magic Scroll Emporium.
 30931 | Orc:2    | Found Muwket's Antique Weapon Boutique.
 30931 | Orc:2    | Found a one-way gate leading to the halls of Pandemonium.
 30931 | Orc:2    | Found Xenk's Gadget Shop.
 31172 | D:15     | Entered Level 15 of the Dungeon
 31529 | D:15     | Reached skill level 10 in Fighting
 31594 | D:15     | Reached skill level 15 in Axes
 32099 | D:15     | Found a staircase to the Depths.
 32117 | D:15     | Reached XP level 16. HP: 50/146 MP: 12/30
 32456 | Lair:2   | Quit the game

Skill      XL: |  1  2  3  4  5  6  7  8  9 10 11 12 13 14 15 |
---------------+----------------------------------------------+-----
Spellcasting   | 2 3 4 6 7 9 10 11 | 11.3
Necromancy     | 5 6 7 8 9 11 12 14 15 | 15.6
Axes           | 2 5 6 9 12 15 | 15.1
Armour         | 2 4 7 |  7.2
Fighting       | 1 4 5 7 8 10 | 10.3
Translocations | 1 2 |  2.1
Transmutations | 1 2 |  2.0
Conjurations   | 1 2 |  2.2
Fire Magic     | 2 4 5 |  5.3
Poison Magic   | 2 |  2.0
Air Magic      | 2 3 4 |  4.0
Evocations     | 2 3 4 |  4.3
Maces & Flails | 4 |  4.0
Dodging        | |  2.1
Stealth        | |  2.4

Action                   |  1- 3 |  4- 6 |  7- 9 | 10-12 | 13-15 | 16-18 || total
-------------------------+-------+-------+-------+-------+-------+-------++-------
Melee: Unarmed           |     9 |       |       |       |       |       ||     9
       Dagger            |     2 |    25 |   312 |    77 |       |       ||   416
       War axe           |       |       |       |   199 |   841 |     4 ||  1044
       Great mace        |       |       |       |    37 |    83 |       ||   120
       Demon trident     |       |       |       |   174 |   250 |       ||   424
Throw: Javelin           |       |       |    22 |    36 |       |       ||    58
 Cast: Pain              |    33 |    33 |   136 |    40 |    15 |       ||   257
       Vampiric Draining |     9 |    19 |    46 |   195 |   469 |       ||   738
       Conjure Flame     |       |       |     7 |   111 |    82 |     1 ||   201
       Mephitic Cloud    |       |       |     4 |    31 |    48 |     1 ||    84
       Ignite Poison     |       |       |     3 |    18 |    26 |       ||    47
       Blink             |       |       |       |     2 |    23 |     8 ||    33
Invok: Call Merchant     |       |       |       |     2 |     3 |     2 ||     7
 Abil: Heal Wounds       |       |       |       |     1 |       |       ||     1
Evoke: Wand              |       |       |       |    63 |    25 |       ||    88
  Use: Scroll            |       |       |     8 |    22 |     8 |     2 ||    40
       Potion            |       |       |       |    17 |       |       ||    17
 Stab: Confused          |       |       |       |     5 |    10 |       ||    15
       Sleeping          |       |       |       |     2 |     3 |       ||     5
       Distracted        |       |       |       |     1 |     4 |       ||     5
       Paralysed         |       |       |       |     1 |       |       ||     1
  Eat: Chunk             |     2 |    15 |     3 |       |       |       ||    20
       Fruit             |       |       |     3 |    14 |    28 |       ||    45
       Royal jelly       |       |       |     4 |     6 |     4 |       ||    14
       Meat ration       |       |       |     1 |       |       |       ||     1
       Bread ration      |       |       |       |     1 |     5 |       ||     6
Armor: Robe              |     8 |       |       |       |       |       ||     8
       Ring mail         |     3 |    31 |   138 |   193 |       |       ||   365
       Ice dragon scales |       |       |       |   142 |   849 |       ||   991
       Chain mail        |       |       |       |       |     1 |       ||     1
       Scale mail        |       |       |       |       |   174 |     4 ||   178
Dodge: Dodged            |    13 |    30 |   154 |   275 |   668 |     1 ||  1141
Block: Other             |    10 |    10 |    50 |   125 |   358 |       ||   553
       Reflection        |       |     2 |     2 |     1 |     9 |       ||    14
